 Dungeon Crawl Stone Soup version 0.20-a0-864-g92acfd1 (webtiles) character file.

86 JeffiDaFish the Digger (level 4, -1/24 HPs)
             Began as a Gargoyle Earth Elementalist on Mar 13, 2017.
             Slain by a gnoll
             ... wielding a +0 club
              (2 damage)
             ... on level 2 of the Dungeon.
             The game lasted 00:07:24 (2124 turns).

JeffiDaFish the Digger (GrEE)                       Turns: 2124, Time: 00:07:25

Health: -1/24      AC:  7    Str: 10 (12) XL:     4   Next: 49%
Magic:  7/7        EV: 12    Int: 15      God:
Gold:   117        SH:  0    Dex: 11      Spells: 4/8 levels left

rFire    . . .     SeeInvis .   h - +1 mace
rCold    . . .     Gourm    .   l - +0 leather armour
rNeg     + . .     Faith    .   (no shield)
rPois    ∞         Spirit   .   k - +0 helmet
rElec    +         Reflect  .   (no cloak)
rCorr    .         Harm     .   (no gloves)
MR       .....                  (no boots)
Stlth    ++........             (no amulet)
Regen    0.1/turn               (no ring)
MPRegen  0.1/turn               (no ring)

@: no status effects
A: negative energy resistance 1, electricity resistance, unbreathing,
petrification resistance, rot immunity, AC +3
a: no special abilities


You were on level 2 of the Dungeon.
You were not hungry.

You visited 1 branch of the dungeon, and saw 2 of its levels.

You collected 117 gold pieces.

Inventory:

Hand Weapons
 h - a +1 mace (weapon)
Missiles
 b - 111 stones (quivered)
Armour
 k - a +0 helmet (worn)
 l - a +0 leather armour (worn)
Scrolls
 f - a scroll of amnesia
Books
 e - a book of Geomancy

   Spells                             Type                      Level
   a - Sandblast                      Earth                        1
   b - Passwall                       Transmutation/Earth          2
   c - Stone Arrow                    Conjuration/Earth            3
   d - Petrify                        Transmutation/Earth          4
   e - Lee's Rapid Deconstruction     Earth                        5
Comestibles
 a - 2 meat rations
 d - 2 bread rations
 g - 6 fruits
 i - a chunk of flesh
 j - 2 royal jellies


   Skills:
 + Level 0.4 Fighting
 + Level 0.4 Maces & Flails
 + Level 0.7 Armour
 - Level 2.1 Dodging
 - Level 2.3 Stealth
 * Level 2.6 Spellcasting
 + Level 0.4 Conjurations
   Level 0.7 Transmutations
 * Level 4.7 Earth Magic


You had 4 spell levels left.
You knew the following spells:

 Your Spells              Type           Power        Failure   Level  Hunger
a - Sandblast             Erth           ###...       6%          1    #......
b - Stone Arrow           Conj/Erth      #.....       34%         3    ###....


Dungeon Overview and Level Annotations

Branches:
Dungeon (2/15)

Altars:


Innate Abilities, Weirdness & Mutations

You are resistant to torment.
Your stone body is resilient. (AC +3)
You are immune to poison.
You resist negative energy. (rN+)
You are resistant to electric shocks. (rElec)
You can survive without breathing.
You are immune to petrification.
You are immune to rotting.


Message History

The gnoll shouts!
A gnoll comes into view. It is wielding a spear.
The gnoll shouts! x2
You closely miss the gnoll. The gnoll hits you but does no damage.
The gnoll barely misses you. The gnoll misses you.
You hit the gnoll but do no damage. The gnoll hits you with a club.
The gnoll hits you from afar with a spear!
The gnoll hits you but does no damage. The gnoll barely misses you.
You are too injured to fight recklessly!
You are too injured to fight recklessly!
You are too injured to fight recklessly!
You are too injured to fight recklessly!
The gnoll hits you from afar with a spear!
* * * LOW HITPOINT WARNING * * *
The gnoll hits you from afar with a spear.
* * * LOW HITPOINT WARNING * * *
There is a stone staircase leading down here.
You can't go up here!
The gnoll hits you with a club.
You die...

#<#.#.##.# #.###.## #.#
#...#....####.###.# #.##
###.#.............#
###.## #.##.#.......##.#
#...## #.#..........##.#
#.#### #....(.......##.#
#.# # #..).........##.#
#.# # #............##.##
#.# # #......gg@.......#
#.#### ##.....g#.##.##..#
#.#... #..÷...#.##.##..#
#.#.##
###.#...........####.#...
#.##...................
#.#######.#.###.##.....
##.##........# #.#######
##(.##.####.#.###.# #
#######.#.##.# #.##....#


You could see 3 gnolls.

Vanquished Creatures
  Robin (D:2)
  An adder (D:2)
  3 worms (D:2)
  2 dart slugs (D:1)
  3 leopard geckos (D:1)
  2 giant cockroaches
  11 goblins
  5 hobgoblins
  A ball python (D:2)
  9 bats
  6 frilled lizards
  4 kobolds
  4 rats (D:1)
52 creatures vanquished.

Notes
Turn   | Place    | Note
-------+----------+-------------------------------------------
     0 | D:1      | JeffiDaFish the Gargoyle Earth Elementalist began the quest for the Orb.
     0 | D:1      | Reached XP level 1. HP: 10/10 MP: 3/3
   148 | D:1      | Reached skill level 4 in Earth Magic
   253 | D:1      | Reached XP level 2. HP: 11/15 MP: 1/5
   730 | D:1      | Reached XP level 3. HP: 9/19 MP: 0/6
   889 | D:1      | Learned a level 3 spell: Stone Arrow
  1535 | D:2      | Noticed Robin
  1622 | D:2      | Reached XP level 4. HP: 21/24 MP: 7/7
  1633 | D:2      | Killed Robin
  2121 | D:2      | HP: 1/24 [gnoll/spear (2)]
  2124 | D:2      | Slain by a gnoll

Vault maps used:
D:1:      sevenhm_arrival_forest_fort_large_2
D:2:      first_bread, uniq_robin

Skill      XL: |  1  2  3 |
---------------+----------+-----
Earth Magic    | 4 |  4.7
Dodging        | 2 |  2.1
Fighting       | |  0.4
Maces & Flails | |  0.4
Armour         | |  0.7
Stealth        | |  2.3
Spellcasting   | |  2.6
Conjurations   | |  0.4
Transmutations | |  0.7

Action                   |  1- 3 |  4- 6 || total
-------------------------+-------+-------++-------
Melee: Whip              |    14 |       ||    14
       Unarmed           |     4 |       ||     4
       Mace              |    72 |    38 ||   110
 Cast: Sandblast         |    22 |     1 ||    23
       Stone Arrow       |     3 |     2 ||     5
  Use: Scroll            |     4 |     2 ||     6
       Potion            |     2 |     1 ||     3
 Stab: Sleeping          |     2 |       ||     2
  Eat: Chunk             |     3 |     2 ||     5
Armor: Robe              |    42 |    15 ||    57
       Leather armour    |       |     7 ||     7
Dodge: Dodged            |    78 |    35 ||   113
